 Dungeon Crawl Stone Soup version 0.29.1-12-g30fa7ad0bf (webtiles) character file.

Game seed: 15275950054606996439

571 Gabide the Trooper (level 7, -15/56 HPs)
             Began as a Mummy Berserker on Dec 14, 2022.
             Was a Believer of Trog.
             Demolished by an ogre
             ... wielding a +0 giant club
              (27 damage)
             ... on level 5 of the Dungeon.
             The game lasted 00:06:33 (4225 turns).

Gabide the Trooper (Mummy Berserker)                Turns: 4225, Time: 00:06:33

Health: -15/56     AC: 13    Str: 22    XL:     7   Next: 11%
Magic:  7/7        EV: 12    Int:  7    God:    Trog [**....]
Gold:   234        SH:  0    Dex: 11    Spells: 6/6 levels left

rFire   x . .      SeeInvis .   n - +4 quarterstaff (chaos)
rCold   + . .      Faith    .   (shield currently unavailable)
rNeg    + + +      Spirit   .   a - +2 leather armour {Will+}
rPois   ∞          Reflect  .   j - +0 helmet
rElec   .          Harm     .   m - +0 cloak
rCorr   .          Rampage  .   l - +1 pair of gloves
Will    +++..                   (no boots)
Stlth   +.........              (no amulet)
HPRegen 1.18/turn               k - +4 ring of protection
MPRegen 0.10/turn               (no ring)

@: strong-willed, regenerating
A: cold resistance 1, negative energy resistance 3, torment resistance 2, heat
vulnerability 1, in touch with death 1, no potions
a: Renounce Religion, Trog's Hand


You were on level 5 of the Dungeon.
You worshipped Trog.
Trog was pleased with you.
You visited 1 branch of the dungeon, and saw 5 of its levels.

You collected 234 gold pieces.

Inventory:

Hand Weapons
 n - a +4 quarterstaff of chaos (weapon)
Missiles
 g - 5 javelins (quivered)
Armour
 a - a +2 leather armour of willpower (worn)
 c - an orb of mayhem
 e - a scarf of repulsion
 j - a +0 helmet (worn)
 l - a +1 pair of gloves (worn)
 m - a +0 cloak (worn)
Jewellery
 k - a +4 ring of protection (left hand)
 o - a ring of ice
Wands
 p - a wand of paralysis (15)
Scrolls
 b - a scroll of blinking {unknown}
 d - 3 scrolls of torment
 f - 3 scrolls of identify
 h - 2 scrolls of silence
 i - 2 scrolls of teleportation
 q - a scroll of enchant weapon {unknown}
 r - a scroll of brand weapon {unknown}


   Skills:
 * Level 5.6 Fighting
 - Level 2.0 Armour
 + Level 3.1 Dodging
 * Level 4.5 Unarmed Combat


You had 6 spell levels left.
You didn't know any spells.
Your spell library was empty.

Dungeon Overview and Level Annotations

Branches:
Dungeon (5/15)             Temple (0/1) D:4

Altars:

Shops:
D:1 (


Innate Abilities, Weirdness & Mutations

You are immune to poison.
Your flesh is cold resistant. (rC+)
You are immune to negative energy. (rN+++)
You are immune to unholy pain and torment.
You are vulnerable to heat. (rF-)
You are in touch with the powers of death.
You do not drink.


Message History

The hound barely misses you.
You sock the ogre!
The ogre is poisoned.
The ogre is moderately wounded.
The ufetubus barely misses you.
The ufetubus hits you but does no damage.
The hound bites you but does no damage. The ufetubus closely misses you.
The ufetubus misses you. The ogre hits you with a +0 giant club!
The hound bites you.
You barely miss the ogre.
The ogre is moderately wounded.
The ufetubus hits you but does no damage. x2
The hound closely misses you. The ufetubus closely misses you. x2
The ogre hits you with a +0 giant club! The hound bites you.
You are too injured to fight recklessly!
You are too injured to fight recklessly!
You are too injured to fight recklessly!
You are too injured to fight recklessly!
You are too injured to fight recklessly!
You are too injured to fight recklessly!
You are too injured to fight recklessly!
You are too injured to fight recklessly!
You are too injured to fight recklessly!
You are too injured to fight recklessly!
You are too injured to fight recklessly!
The ufetubus closely misses you.
The ufetubus hits you but does no damage.
The hound bites you but does no damage.
The ufetubus hits you but does no damage.
The ufetubus closely misses you. The ogre attacks as you move away!
The ogre hits you with a +0 giant club!
* * * LOW HITPOINT WARNING * * *
The hound attacks as you move away! The hound bites you but does no damage.
The ufetubus barely misses you. The ufetubus closely misses you.
The hound closely misses you.
Your skin crawls.
You feel strong-willed.
The ufetubus hits you but does no damage.
The ufetubus closely misses you. The hound closely misses you.
The ogre hits you with a +0 giant club!!
You die...

...................#
.........#.........#
.<.......#..$......#
.........#.........+
.......# #......(..#
.......# #.$.......#
.......# #.........#
.......###......@..#
..#......#.....O5h.#.#
..###....##+##<......#
..# #....##....#######
..+ +........>.# ..#
#.....###..# ..#
#.....#....#
....#.....#!..##
....#.....#..##


You could see an ogre (very poisoned), a hound and an ufetubus.

Vanquished Creatures
  2 phantoms (D:5)
  2 scorpions
  2 orc priests (D:5)
  Crazy Yiuf (D:3)
  Natasha (thrice) (D:3)
  An orc wizard (D:5)
  Robin (D:3)
  3 adders
  2 worms (D:3)
  2 dart slugs (D:1)
  2 orcs (D:5)
  7 ball pythons
  3 bats (D:1)
  8 endoplasms
  4 giant cockroaches
  13 goblins
  11 hobgoblins
  2 quokkas
  3 kobolds
  9 rats
81 creatures vanquished.

Notes
Turn   | Place    | Note
-------+----------+-------------------------------------------
     0 | D:1      | Gabide the Mummy Berserker began the quest for the Orb.
     0 | D:1      | Reached XP level 1. HP: 18/18 MP: 1/1
    12 | D:1      | Found Uqogyjoq's Weapon Shoppe.
   162 | D:1      | Reached XP level 2. HP: 23/24 MP: 2/2
   498 | D:1      | Found a faded altar of an unknown god.
   912 | D:1      | Gained mutation: You are in touch with the powers of death.
                  | [Mummy growth]
   912 | D:1      | Reached XP level 3. HP: 29/29 MP: 3/3
  1549 | D:2      | Reached ** piety under Trog
  1659 | D:2      | Noticed a scorpion
  2024 | D:2      | You fall into a shaft and drop 1 floor!
  2044 | D:3      | Noticed Natasha
  2053 | D:3      | Killed Natasha
  2054 | D:3      | Reached XP level 4. HP: 18/37 MP: 4/4
  2423 | D:3      | Reached skill level 4 in Fighting
  2508 | D:3      | Noticed Robin
  2519 | D:3      | Killed Robin
  2788 | D:3      | Noticed a scorpion
  2805 | D:3      | Killed a scorpion
  2806 | D:3      | Reached XP level 5. HP: 38/43 MP: 5/5
  2851 | D:3      | Noticed Natasha
  2864 | D:3      | Killed Natasha
  3054 | D:3      | Noticed Natasha
  3057 | D:3      | Killed Natasha
  3273 | D:3      | Found a runed translucent door.
  3274 | D:3      | Noticed Crazy Yiuf
  3323 | D:3      | Killed Crazy Yiuf
  3380 | D:4      | Reached XP level 6. HP: 50/50 MP: 6/6
  3437 | D:4      | Found a staircase to the Ecumenical Temple.
  3486 | D:4      | Reached skill level 5 in Fighting
  3932 | D:5      | Entered Level 5 of the Dungeon
  4052 | D:5      | Reached XP level 7. HP: 46/56 MP: 7/7
  4225 | D:5      | Demolished by an ogre

Illustrated notes

Levels and vault maps discovered:
D:1:      minmay_arrival_plants_in_alcoves, layout_basic,
          hellmonk_ecumenical_altar_arch_garden, serial_shops,
          nicolae_shop_waterfront, hangedman_abyss_or_decor_lesser_grid,
          minivault_24
D:2:      layout_basic
D:3:      layout_rooms, cheibrodos_sewer_entry_bend, serial_bayou_pond_b,
          st_stairs_7, hangedman_decor_opposing, kennysheep_generic_room_5,
          uniq_robin, uniq_natasha, uniq_crazy_yiuf_cottage
D:4:      layout_rooms, temple_green, serial_rivers,
          chequers_serial_rivers_small_3, chequers_serial_rivers_micro_c,
          chequers_serial_rivers_room_a, chequers_serial_rivers_room_a,
          nicolae_titane
D:5:      layout_basic, eat_drink_and_be_merry_uskayaw,
          nzn_hepliaklqana_mist_gate, hangedman_decor_riveting,
          serial_bayou_pond_e

Skill      XL: |  1  2  3  4  5  6 |
---------------+-------------------+-----
Armour         | 2 |  2.0
Dodging        | 2 3 |  3.1
Unarmed Combat | 3 4 |  4.5
Fighting       | 4 5 |  5.6

Action                   |  1- 3 |  4- 6 |  7- 9 || total
-------------------------+-------+-------+-------++-------
Melee: Unarmed           |   154 |   130 |       ||   284
       Punch             |     2 |     5 |       ||     7
       Quarterstaff      |       |    45 |     3 ||    48
Throw: Javelin           |       |     2 |       ||     2
Invok: Trog's Hand       |     1 |     2 |     1 ||     4
  Use: Scroll            |       |     6 |       ||     6
Armor: Animal skin       |    30 |       |       ||    30
       Leather armour    |     4 |    51 |    11 ||    66
Dodge: Dodged            |   113 |    82 |    17 ||   212
       Repelled          |     2 |       |       ||     2
